Map: Lost and Found LE

Players

Shino

  • Race: Zerg Zerg
  • League: Master
  • Spawn Location: 7:00

llllllllllll - Winner!

  • Race: Protoss Protoss
  • Spawn Location: 1:00

VOD

Have the link to the VOD?

Description

Time

  • Played on: May 19, 2018, 6:45 a.m.
  • Length: 10:31
Show
View Real Time Build Order
Export as new Build Order

Shino Zerg 

Build Orders: Hatch First, Lurkers 

Get SALT Encoding   

  12  0:01  Drone  
  13  0:12  Overlord  
  13  0:17  Drone  
  14  0:31  Drone x2  
  16  0:38  Drone  
  17  0:51  Hatchery  
  17  0:54  Drone  
  17  1:01  Drone  
  18  1:09  Extractor  
  17  1:15  Spawning Pool  
  17  1:17  Drone  
  17  1:20  Drone  
  18  1:28  Drone  
  19  1:38  Overlord  
  19  1:57  Drone  
  20  2:01  Queen  
  20  2:03  Queen  
  20  2:04  Drone x2  
  26  2:09  Metabolic Boost  
  26  2:12  Drone  
  27  2:21  Zergling x2  
  27  2:22  Zergling x2  
  29  2:32  Hatchery  
  29  2:36  Drone  
  29  2:39  Drone  
  29  2:41  Drone  
  31  2:46  Zergling x2  
  32  2:56  Overlord  
  32  2:57  Drone x2  
  34  3:05  Drone  
  35  3:09  Drone  
  36  3:14  Queen  
  36  3:16  Overlord, Drone x3  
  36  3:18  Drone  
  42  3:20  Drone  
  42  3:21  Drone  
  44  3:31  Spore Crawler  
  42  3:40  Drone x4  
  42  3:41  Drone  
  44  3:43  Drone x2  
  45  3:55  Drone x3  
  44  4:00  Spore Crawler, Drone x2  
  45  4:07  Queen  
  47  4:11  Queen  
  49  4:18  Lair  
  49  4:23  Drone x4  
  53  4:26  Drone  
  53  4:29  Drone  
  53  4:30  Drone x2  
  57  4:35  Spore Crawler  
  57  4:38  Drone  
  57  4:41  Roach Warren, Extractor  
  57  4:42  Overlord  
  57  4:44  Extractor  
  52  4:59  Drone x5  
  57  5:00  Drone x6  
  62  5:09  Overlord  
  62  5:15  Queen  
  62  5:16  Hydralisk Den  
  63  5:22  Roach  
  63  5:23  Overlord  
  63  5:24  Overlord x3  
  65  5:30  Overlord  
  65  5:31  Roach x3  
  65  5:32  Overlord  
  65  5:33  Roach  
  73  5:44  Roach x5  
  73  5:45  Glial Reconstitution  
  83  5:56  Muscular Augments  
  83  5:57  Drone x4  
  83  6:00  Drone x2  
  83  6:01  Drone x4, Extractor  
  92  6:04  Extractor  
  92  6:05  Drone  
  92  6:07  Drone  
  93  6:12  Drone  
  93  6:18  Drone x2  
  96  6:25  Hatchery  
  95  6:28  Extractor  
  95  6:31  Overlord  
  94  6:32  Hydralisk  
  94  6:33  Hydralisk x4  
  94  6:36  Evolution Chamber  
  100  6:43  Drone x2  
  100  6:44  Drone  
  103  6:49  Hydralisk x5  
  113  6:58  Overlord x5  
  111  7:18  Zerg Missile Weapons Level 1  
  111  7:20  Drone, Lurker Den  
  111  7:21  Drone x8  
  119  7:31  Grooved Spines  
  119  7:34  Extractor  
  118  7:39  Drone x7  
  118  7:40  Drone x4  
  118  7:43  Spore Crawler, Queen  
  130  7:44  Extractor  
  130  7:50  Infestation Pit, Drone, Hydralisk x3  
  135  7:57  Hydralisk  
  137  8:04  Overlord x2  
  137  8:10  Hydralisk x3  
  143  8:18  Hatchery  
  142  8:20  Overlord x3  
  142  8:21  Overlord  
  142  8:22  Hydralisk  
  142  8:23  Hydralisk x4  
  152  8:27  Overlord  
  152  8:28  Hydralisk x2  
  156  8:36  Hydralisk x2  
  157  8:56  Lurker  
  157  8:57  Lurker x3  
  157  8:58  Lurker x2  
  157  8:59  Lurker x3  
  166  9:06  Hydralisk x4  
  172  9:16  Roach x3  
  172  9:17  Roach x3  
  172  9:33  Hydralisk x3  
  172  9:34  Hydralisk x2  
  179  9:40  Hatchery  
  160  9:49  Hydralisk  
  160  9:50  Hydralisk x4  
  168  10:00  Lurker  
  168  10:02  Zergling x14  
  168  10:04  Hydralisk  
  153  10:17  Lurker  
Show
View Real Time Build Order
Export as new Build Order

llllllllllll Protoss - Winner!

Build Orders: 1 Gate Expand, Oracle Opening, Zealot Archon 

Get SALT Encoding   

  12  0:00  Probe  
  13  0:12  Probe  
  14  0:18  Pylon  
  14  0:25  Probe  
  15  0:33  Probe  
  15  0:40  Gateway  
  15  0:41  Probe  
  16  0:48  Assimilator  
  17  0:51  Probe  
  18  1:03  Probe  
  19  1:15  Probe  
  20  1:22  Nexus  
  20  1:33  Cybernetics Core  
  20  1:35  Probe  
  21  1:42  Assimilator  
  21  1:47  Probe  
  21  1:50  Pylon  
  22  1:59  Probe  
  22  2:00  Adept  
  23  2:11  Probe  
  26  2:15  Stargate  
  26  2:23  Probe  
  26  2:25  Warp Gate  
  26  2:28  Adept  
  29  2:32  Probe  
  29  2:35  Probe  
  31  2:40  Probe  
  32  2:47  Probe  
  32  2:48  Oracle  
  32  2:50  Probe  
  34  2:59  Probe  
  34  3:02  Probe  
  39  3:08  Pylon  
  39  3:12  Stalker, Probe  
  42  3:14  Probe  
  43  3:23  Gateway  
  43  3:24  Probe  
  43  3:25  Oracle  
  43  3:26  Probe  
  48  3:45  Probe x2  
  46  3:49  Assimilator  
  46  3:51  Assimilator  
  46  3:58  Probe x2  
  46  4:00  Robotics Facility  
  46  4:02  Pylon  
  48  4:10  Probe x2  
  48  4:13  Twilight Council  
  50  4:17  Gateway  
  50  4:18  Pylon  
  50  4:19  Gateway  
  50  4:22  Probe  
  51  4:26  Probe  
  51  4:28  Pylon  
  52  4:33  Zealot  
  52  4:34  Zealot  
  52  4:37  Pylon  
  56  4:47  Warp Prism  
  56  4:55  Nexus  
  58  5:01  Templar Archives  
  58  5:03  Probe  
  58  5:04  Probe  
  58  5:05  Pylon  
  60  5:12  Pylon  
  60  5:15  Probe  
  60  5:16  Probe  
  62  5:27  Probe  
  64  5:28  Probe  
  64  5:32  Shield Battery  
  64  5:34  Immortal  
  64  5:39  Probe x2  
  64  5:42  High Templar x4  
  76  5:45  Forge  
  76  5:46  Archon x2  
  76  5:47  Probe  
  76  5:48  Probe  
  78  5:52  Charge  
  78  5:55  Probe  
  78  5:56  Probe  
  82  6:06  Probe  
  82  6:07  Probe  
  82  6:08  Gateway x2  
  82  6:10  Immortal  
  82  6:11  Protoss Ground Weapons Level 1, Probe  
  85  6:18  Probe  
  86  6:19  Probe  
  86  6:24  Sentry, Probe  
  94  6:26  Assimilator  
  94  6:28  Pylon  
  94  6:30  Zealot, Assimilator, Probe  
  94  6:31  Probe  
  98  6:34  Pylon  
  98  6:44  Probe x3  
  98  6:45  Observer  
  98  6:46  Gateway  
  101  6:48  Zealot, Photon Cannon  
  101  6:49  Gateway  
  101  6:51  Psionic Storm  
  104  6:55  Pylon  
  104  7:06  Probe  
  104  7:07  High Templar x2  
  104  7:08  Zealot x2  
  113  7:10  Pylon  
  113  7:13  Photon Cannon  
  113  7:15  Shield Battery, Probe  
  114  7:19  High Templar  
  114  7:21  Warp Prism  
  116  7:27  High Templar  
  120  7:38  High Templar  
  120  7:39  Zealot  
  120  7:41  Nexus  
  120  7:43  Pylon  
  124  7:48  Zealot x3  
  124  7:49  Probe  
  131  7:52  Robotics Facility, Probe  
  131  7:53  Pylon  
  131  7:54  Phoenix  
  131  7:57  Protoss Ground Weapons Level 2  
  134  8:02  Zealot x4  
  142  8:13  Probe  
  142  8:15  Probe  
  142  8:16  Photon Cannon  
  142  8:17  Photon Cannon  
  142  8:18  Pylon  
  142  8:19  High Templar x2  
  148  8:20  Zealot, Assimilator  
  148  8:24  Assimilator  
  148  8:25  Pylon  
  148  8:26  Archon  
  150  8:33  Zealot x5  
  160  8:38  Immortal  
  162  8:44  Immortal  
  162  8:52  High Templar  
  166  8:59  Zealot x2  
  166  9:00  Zealot  
  170  9:16  Probe  
  167  9:18  Immortal  
  167  9:19  Fleet Beacon, Pylon  
  167  9:21  Stargate  
  167  9:22  Photon Cannon  
  167  9:24  Immortal, Photon Cannon  
  163  9:45  Zealot x8  
  168  10:05  Zealot x5  
  168  10:06  Zealot  
  172  10:17  Zealot x2  
  168  10:27  Zealot x4  
Tags
 
Add a new tag
Caveats
  • Supply blocks, unpowered buildings, or Contaminate may cause inaccurate times.
  • Supply counts are checked every 10 seconds.